 Dungeon Crawl Stone Soup version 0.22-a0-587-g7d32d7c (webtiles) character file.

27479 royokou the Fighter (level 12, -1/108 HPs)
             Began as a Demigod Conjurer on July 3, 2018.
             Slain by a vampire mosquito (4 damage)
             ... on level 3 of the Lair of Beasts on July 4, 2018.
             The game lasted 01:25:56 (19481 turns).

royokou the Fighter (Demigod Conjurer)             Turns: 19481, Time: 01:25:57

Health: -1/108     AC: 14    Str: 20    XL:     12   Next: 68%
Magic:  2/26       EV: 17    Int: 28    God:
Gold:   761        SH:  7    Dex: 16    Spells: 6/24 levels left

rFire    + + +     SeeInvis .   P - +5 mace "Goblinbane" {venom, *Drain rF++ rC+}
rCold    + + +     Gourm    .   y - +3 warlock's mirror {reflect}
rNeg     . . .     Faith    .   R - +5 ring mail {MR+}
rPois    .         Spirit   .   r - +2 hat
rElec    .         Reflect  +   i - scarf {rC+ rF+}
rCorr    .         Harm     .   s - +0 pair of gloves
MR       ++...                  Z - +0 pair of boots
Stlth    +.........             (no amulet)
HPRegen  0.28/turn              u - +5 ring of intelligence
MPRegen  0.20/turn              A - ring of protection from cold

@: mighty, very slightly contaminated
A: high mp 1
a: no special abilities


You were on level 3 of the Lair of Beasts.
You were not hungry.

You visited 2 branches of the dungeon, and saw 14 of its levels.

You collected 761 gold pieces.

Inventory:

Hand Weapons
 q - a +5 battleaxe of draining
 E - the +8 short sword of Enawut {speed, Dex+2}
   (You found it on level 5 of the Dungeon)

   Attacks with this weapon are significantly faster.
   It affects your dexterity (+2).
 P - the +5 mace "Goblinbane" (weapon) {venom, *Drain rF++ rC+}
   (You found it on level 7 of the Dungeon)

   It poisons the flesh of those it strikes.
   It greatly protects you from fire.
   It protects you from cold.
   It causes draining when unequipped.
 T - a +1 hand axe of flaming
 V - a -2 antimagic glaive
 W - a cursed +3 battleaxe
Missiles
 k - 158 bolts
Armour
 i - a scarf of resistance (worn)
 j - a +0 plate armour
 l - a +0 shield
 r - a +2 hat (worn)
 s - a +0 pair of gloves (worn)
 y - the +3 warlock's mirror (worn) {reflect}
   (You found it on level 10 of the Dungeon)
 M - a +2 ring mail of magic resistance
 O - a +2 scale mail of cold resistance
 R - a +5 ring mail of magic resistance (worn)
 Z - a +0 pair of boots (worn)
Magical Staves
 Y - an uncursed staff of fire {unknown}
Jewellery
 b - an uncursed ring of stealth
 m - an uncursed ring of see invisible
 u - a +5 ring of intelligence (left hand)
 z - an uncursed ring of ice
 A - a ring of protection from cold (right hand)
Wands
 a - a wand of disintegration (17)
 x - a wand of enslavement (17)
 L - a wand of paralysis (14)
 Q - a wand of iceblast (25)
 S - a wand of polymorph (28)
Scrolls
 e - 8 scrolls of teleportation
 g - a scroll of holy word
 t - 5 scrolls of remove curse
 w - 3 scrolls of enchant armour
 D - a scroll of enchant weapon
 F - 2 scrolls of amnesia
 H - 2 scrolls of magic mapping
Potions
 d - a potion of invisibility
 f - a potion of heal wounds
 h - a potion of mutation
 n - a potion of cancellation {unknown}
 p - a potion of haste {unknown}
 v - 2 potions of agility
 G - 2 potions of curing
 I - a potion of lignification {unknown}
 J - a potion of might
 K - a potion of resistance
 N - a potion of ambrosia {unknown}
 U - a potion of magic {unknown}
 X - a potion of berserk rage {unknown}
Miscellaneous
 o - a crystal ball of energy
Comestibles
 c - 23 rations


   Skills:
 - Level 10.7 Fighting
 + Level 4.4 Maces & Flails
 - Level 10.0 Dodging
 - Level 1.7 Stealth
 * Level 1.0 Shields
 - Level 6.6 Spellcasting
 - Level 10.4 Conjurations
 - Level 4.6 Hexes
 - Level 4.6 Translocations


You had 6 spell levels left.
You knew the following spells:

 Your Spells              Type           Power        Failure   Level  Hunger
a - Magic Dart            Conj           ####         1%          1    None
b - Searing Ray           Conj           ######       1%          2    None
c - Dazzling Spray        Conj/Hex       ######       1%          3    None
d - Iskenderun's Mystic   Conj           ######..     1%          4    ###....
e - Fulminant Prism       Conj/Hex       ######....   6%          4    ###....
f - Force Lance           Conj/Tloc      ######..     6%          4    ###....

Your spell library contained the following spells:

 Spells                   Type           Power        Failure   Level  Hunger


Dungeon Overview and Level Annotations

Branches:
Dungeon (10/15)            Temple (0/1) D:7            Lair (4/6) D:10
  Swamp: Lair:2-4    Shoals: Lair:2-4     Snake: Lair:2-4    Spider: Lair:2-4
    Orc: D:9-12

Annotations:
D:3 1 runed door, pmoppi's ghost, amateur TeGl
D:5 2 runed doors, anomandaris's ghost, novice CeFi
D:9 3 runed doors, yaoilover's ghost, novice MiBe
Lair:3 3 runed doors, Deed's ghost, journeyman MiFi
Lair:4 Snorg


Innate Abilities, Weirdness & Mutations

You have an increased reservoir of magic. (+10% MP)


Message History

The vampire mosquito bites you!
* * * LOW HITPOINT WARNING * * *
The vampire mosquito draws strength from your injuries!
The vampire mosquito barely misses you.
You sock the vampire mosquito!
The vampire mosquito is severely damaged.
You block the vampire mosquito's attack.
The vampire mosquito bites you but does no damage.
You miss the vampire mosquito.
The vampire mosquito is severely damaged.
The vampire mosquito misses you. The vampire mosquito barely misses you.
You miss the vampire mosquito.
The vampire mosquito is severely damaged.
The vampire mosquito barely misses you.
The vampire mosquito bites you but does no damage.
You miss the vampire mosquito.
The vampire mosquito is severely damaged.
The vampire mosquito bites you but does no damage.
The vampire mosquito bites you.
You die...

###?_)## ###
#............ ##.###
####.##
#............
###....# #.....##
###........(.
##......#####.....##
##...###...
...#..#..##........#
##### #...
#..###...#.>......##
### ###. ####
##P#.........#
##.####P.
###......y###
####...##...
##.....#@#
###...........
##...####
#P............ ##..#
#............# #..##
#...........## #.#.#
###.....#.### #####
#########


You could see a vampire mosquito.

Vanquished Creatures
  Gastronok (Lair:2)
  5 hydras
  Fannar (Lair:1)
  A two-headed ogre (D:10)
  9 wizards (D:10)
  An unseen horror (D:10)
  Joseph (D:8)
  A black mamba (Lair:3)
  9 spiny frogs
  Psyche (D:10)
  3 komodo dragons
  Grinder (D:4)
  2 dream sheep
  4 hippogriffs
  7 blink frogs
  Sigmund (D:5)
  Grum (D:9)
  13 yaks
  A vampire mosquito (Lair:3)
  2 orc warriors
  6 water moccasins
  3 porcupines
  3 sky beasts (D:10)
  2 black bears
  An ice beast (D:10)
  5 ogres
  A centaur (D:7)
  10 wolves
  8 crocodiles
  5 big kobolds
  7 bullfrogs
  A water moccasin zombie (D:8)
  4 scorpions
  A water moccasin skeleton (D:7)
  10 killer bees
  6 jellies
  8 wights
  3 crimson imps
  A centaur zombie (D:8)
  6 hounds
  A bullfrog skeleton (D:4)
  6 orc priests
  A bullfrog zombie (D:7)
  A centaur skeleton (D:4)
  10 orc wizards
  4 iguanas
  4 worker ants
  2 hound skeletons
  A howler monkey zombie (D:4)
  2 worker ant zombies
  18 adders
  4 gnolls (D:2)
  3 shadow imps
  An ooze (D:4)
  3 worms
  2 dart slugs
  2 leopard geckos
  35 orcs
  9 giant cockroaches
  3 goblins
  9 hobgoblins
  10 jackals
  16 kobolds
  3 quokkas
  3 ball pythons
  5 bats
  4 frilled lizards
  A jackal skeleton (D:5)
  A leopard gecko zombie (D:6)
  2 quokka zombies
  5 rats
  A plant (D:10)
328 creatures vanquished.

Vanquished Creatures (others)
  33 fulminant prisms
  3 fungi (Lair:2)
  6 plants
42 creatures vanquished.

Grand Total: 370 creatures vanquished

Notes
Turn   | Place    | Note
-------+----------+-------------------------------------------
     0 | D:1      | royokou the Demigod Conjurer began the quest for the Orb.
     0 | D:1      | Reached XP level 1. HP: 14/14 MP: 5/5
   396 | D:1      | Reached XP level 2. HP: 20/20 MP: 5/7
   400 | D:1      | Learned a level 2 spell: Searing Ray
  1247 | D:2      | Reached XP level 3. HP: 26/26 MP: 1/9
  1749 | D:2      | Reached XP level 4. HP: 33/33 MP: 3/11
  1756 | D:2      | Learned a level 3 spell: Dazzling Spray
  2682 | D:3      | Found a runed door.
  2684 | D:3      | Noticed pmoppi's ghost (amateur TeGl)
  2837 | D:3      | Reached skill level 5 in Conjurations
  2837 | D:3      | Reached XP level 5. HP: 23/38 MP: 7/13
  2961 | D:3      | Learned a level 4 spell: Iskenderun's Mystic Blast
  2978 | D:3      | Found a shadowy altar of Dithmenos.
  3777 | D:3      | Found a glowing silver altar of Zin.
  4013 | D:4      | Reached XP level 6. HP: 38/45 MP: 4/15
  4422 | D:4      | Noticed Grinder
  4493 | D:4      | Paralysed by Grinder for 6 turns
  4503 | D:4      | Paralysed by Grinder for 3 turns
  4505 | D:4      | HP: 2/45 [Grinder (6)]
  4508 | D:4      | Killed Grinder
  4508 | D:4      | Reached skill level 5 in Spellcasting
  4508 | D:4      | Reached XP level 7. HP: 3/50 MP: 5/18
  4747 | D:4      | Learned a level 4 spell: Fulminant Prism
  5184 | D:5      | Entered Level 5 of the Dungeon
  5199 | D:5      | Noticed Sigmund
  5615 | D:5      | Got a brightly glowing short sword
  5618 | D:5      | Identified the +8 short sword of Enawut {speed, Dex+2} (You found it on level 5 of the Dungeon)
  5913 | D:5      | Found a runed door.
  5914 | D:5      | Noticed anomandaris's ghost (novice CeFi)
  5924 | D:5      | Killed Sigmund
  5995 | D:5      | Found a runed door.
  6375 | D:6      | Reached XP level 8. HP: 51/57 MP: 10/20
  6831 | D:6      | Found an ornate altar of the Wu Jian Council.
  6847 | D:6      | Found a glowing golden altar of the Shining One.
  7158 | D:7      | Learned a level 4 spell: Force Lance
  7269 | D:7      | Reached skill level 1 in Hexes
  7271 | D:7      | Reached skill level 1 in Translocations
  7413 | D:7      | Found a staircase to the Ecumenical Temple.
  7620 | D:7      | Found a stormy altar of Qazlal.
  7731 | D:7      | Found a shattered altar of Ashenzari.
  8208 | D:7      | Found a blossoming altar of Fedhas.
  8344 | D:7      | Found a snail-covered altar of Cheibriados.
  8345 | D:7      | Found a stormy altar of Qazlal.
  8393 | D:7      | Reached XP level 9. HP: 62/62 MP: 17/22
  8473 | D:7      | Got a dazzling mace
  8474 | D:7      | Identified the +5 mace "Goblinbane" {venom, *Drain rF++ rC+} (You found it on level 7 of the Dungeon)
  9121 | D:8      | Noticed Joseph
  9132 | D:8      | Killed Joseph
  9568 | D:7      | Reached skill level 10 in Conjurations
  9924 | D:8      | Noticed a two-headed hydra
  9931 | D:8      | Killed a two-headed hydra
  9931 | D:8      | Reached XP level 10. HP: 69/69 MP: 2/23
 10319 | D:8      | Reached skill level 1 in Fighting
 10800 | D:9      | Noticed Grum
 10812 | D:9      | Killed Grum
 11007 | D:8      | HP: 1/77 [yak (10)]
 11831 | D:9      | Found a runed gate.
 11836 | D:9      | Found a runed gate.
 11836 | D:9      | Found a runed gate.
 11840 | D:9      | Noticed yaoilover's ghost (novice MiBe)
 11840 | D:9      | Noticed a nine-headed hydra
 12086 | D:10     | Entered Level 10 of the Dungeon
 12649 | D:10     | Noticed an unseen horror
 12652 | D:10     | Killed an unseen horror
 12652 | D:10     | Reached skill level 5 in Dodging
 12742 | D:10     | Noticed a wizard
 12758 | D:10     | Killed a wizard
 12758 | D:10     | Reached skill level 5 in Fighting
 12892 | D:10     | Found a staircase to the Lair.
 12898 | D:10     | Noticed a wizard
 12901 | D:10     | Killed a wizard
 12930 | D:10     | Noticed a wizard
 12992 | D:10     | Killed a wizard
 12992 | D:10     | Reached XP level 11. HP: 89/89 MP: 5/25
 13072 | D:10     | Noticed Psyche
 13083 | D:10     | Killed Psyche
 13469 | D:10     | Found the +3 warlock's mirror {reflect}
 13497 | D:10     | Noticed a wizard
 13497 | D:10     | Noticed a two-headed ogre
 13508 | D:10     | Killed a wizard
 13509 | D:10     | Killed a two-headed ogre
 13673 | D:10     | Noticed a wizard
 13673 | D:10     | Noticed a wizard
 13682 | D:10     | Killed a wizard
 13683 | D:10     | Killed a wizard
 13727 | D:10     | Noticed a wizard
 13732 | D:10     | Noticed a wizard
 13738 | D:10     | Killed a wizard
 13747 | D:10     | Killed a wizard
 13990 | D:10     | Noticed a wizard
 13991 | D:10     | Killed a wizard
 14187 | Lair:1   | Entered Level 1 of the Lair of Beasts
 15374 | Lair:1   | Noticed Fannar
 15419 | Lair:1   | Killed Fannar
 15763 | Lair:1   | Noticed a seven-headed hydra
 15776 | Lair:1   | Killed a seven-headed hydra
 16293 | Lair:2   | Reached XP level 12. HP: 97/104 MP: 5/26
 16557 | Lair:2   | Noticed Gastronok
 16634 | Lair:2   | Killed Gastronok
 16919 | Lair:2   | Reached skill level 10 in Dodging
 17071 | Lair:2   | Reached skill level 1 in Maces & Flails
 17427 | Lair:2   | Reached skill level 10 in Fighting
 17678 | Lair:3   | Noticed a four-headed hydra
 17685 | Lair:3   | Killed a four-headed hydra
 18023 | Lair:3   | Noticed a six-headed hydra
 18170 | Lair:3   | Killed a six-headed hydra
 18187 | Lair:3   | Noticed a seven-headed hydra
 18299 | Lair:3   | Killed a seven-headed hydra
 18952 | Lair:3   | Found a runed gate.
 18952 | Lair:3   | Found a runed gate.
 18952 | Lair:3   | Found a runed gate.
 19169 | Lair:3   | Noticed a death ooze
 19170 | Lair:3   | Noticed Deed's ghost (journeyman MiFi)
 19175 | Lair:3   | Found a viscous altar of Jiyva.
 19418 | Lair:4   | Noticed Snorg
 19464 | Lair:3   | Reached skill level 1 in Shields
 19477 | Lair:3   | HP: 2/108 [vampire mosquito (9)]
 19481 | Lair:3   | Slain by a vampire mosquito

Vault maps used:
D:1:      dpeg_arrival_court
D:2:      minmay_three_crescents
D:3:      zin_treasury, ebering_ghost_sewer_d, grunt_dithmenos_smoke_and_mirrors
D:4:      uniq_grinder
D:5:      first_ration, ebering_ghost_sewer_f, uniq_sigmund
D:6:      black_bear_nest_2, lemuel_round_altar, overflow_temple_1_default
D:7:      old_standard_altar, fedhas_bush_and_centaur_altar,
          gammafunk_temple_overflow_pools, minmay_temple_entry_overgrown,
          basic_altar
D:8:      hangedman_ranch, uniq_joseph
D:9:      gammafunk_ghost_hydra_chop, uniq_grum
D:10:     minmay_smoke_and_mirrors, dpeg_oklobed_lair, uniq_psyche
Lair:1:   uniq_fannar
Lair:2:   serial_bayou_pond_a, beast_lair_carwin_3, uniq_gastronok
Lair:3:   gammafunk_ghost_ooze, grunt_megastairs_3
Lair:4:   minmay_swamp_entry_swarm, minmay_snake_entry_six_corridors, uniq_urug,
          uniq_snorg

Skill      XL: |  1  2  3  4  5  6  7  8  9 10 11 12 |
---------------+-------------------------------------+-----
Spellcasting   | 2 3 4 5 6 |  6.6
Conjurations   | 4 5 6 7 8 10 | 10.4
Hexes          | 2 4 |  4.6
Translocations | 2 4 |  4.6
Dodging        | 6 9 10 | 10.0
Fighting       | 5 9 10 | 10.7
Maces & Flails | 4 |  4.4
Shields        | 1 |  1.0
Stealth        | |  1.7

Action                   |  1- 3 |  4- 6 |  7- 9 | 10-12 || total
-------------------------+-------+-------+-------+-------++-------
Melee: Club              |    13 |       |       |       ||    13
       Unarmed           |     1 |       |       |       ||     1
       Hand axe          |     7 |     3 |       |       ||    10
       Short sword       |       |       |    49 |       ||    49
       Mace              |       |       |    45 |   324 ||   369
 Cast: Magic Dart        |    54 |    65 |    81 |    59 ||   259
       Searing Ray       |     8 |    31 |    54 |    34 ||   127
       Dazzling Spray    |       |       |     1 |     2 ||     3
       Iskenderun's Myst |       |       |    17 |    82 ||    99
       Fulminant Prism   |       |       |       |    33 ||    33
       Force Lance       |       |       |       |    36 ||    36
  Use: Scroll            |     4 |     2 |       |    16 ||    22
       Potion            |       |       |       |     5 ||     5
 Stab: Sleeping          |     1 |       |       |       ||     1
  Eat: Chunk             |     3 |     8 |    12 |    27 ||    50
       Ration            |       |       |     2 |     4 ||     6
Armor: Leather armour    |     3 |       |       |       ||     3
       Ring mail         |    11 |     7 |    55 |   231 ||   304
Dodge: Dodged            |    29 |    27 |    83 |   425 ||   564
Block: Buckler           |       |       |       |    27 ||    27

Table legend:
 A = Spawn XP
 B = Non-spawn XP
 C = Spawn XP percentage of total XP
 D = Spawn monster count
 E = Non-spawn monster count
 F = Spawn count percentage of total count
 G = Total turns spent on level
                    A         B        C        D         E        F      G
               +---------+---------+-------+---------+---------+-------+---------
         Total |       0 |   39256 |   0.0 |       0 |     327 |   0.0 | 19481
               +---------+---------+-------+---------+---------+-------+---------
           D:1 |       0 |      27 |   0.0 |       0 |      15 |   0.0 |   954
           D:2 |       0 |     162 |   0.0 |       0 |      30 |   0.0 |  1585
           D:3 |       0 |     148 |   0.0 |       0 |      25 |   0.0 |  1340
           D:4 |       0 |     760 |   0.0 |       0 |      21 |   0.0 |  1331
           D:5 |       0 |     438 |   0.0 |       0 |       7 |   0.0 |   925
           D:6 |       0 |     661 |   0.0 |       0 |      26 |   0.0 |  1185
           D:7 |       0 |    2103 |   0.0 |       0 |      33 |   0.0 |  1917
           D:8 |       0 |    3092 |   0.0 |       0 |      33 |   0.0 |  1791
           D:9 |       0 |    2350 |   0.0 |       0 |      38 |   0.0 |  1446
          D:10 |       0 |    9322 |   0.0 |       0 |      28 |   0.0 |  1819
        Lair:1 |       0 |    5403 |   0.0 |       0 |      16 |   0.0 |  2174
        Lair:2 |       0 |    7664 |   0.0 |       0 |      26 |   0.0 |  1634
        Lair:3 |       0 |    6599 |   0.0 |       0 |      22 |   0.0 |  1255
        Lair:4 |       0 |     527 |   0.0 |       0 |       7 |   0.0 |   125
               +---------+---------+-------+---------+---------+-------+---------
